 Dungeon Crawl Stone Soup version 0.17.1-3-g152610e (webtiles) character file.

72 Nekros the Magician (level 4, 0/24 HPs)
             Began as a Deep Elf Wizard on Apr 26, 2016.
             Slain by an adder (1 damage)
             ... on level 2 of the Dungeon.
             The game lasted 00:21:09 (2543 turns).

Nekros the Magician (Deep Elf Wizard)               Turns: 2543, Time: 00:21:09

Health: 0/24       AC:  3    Str:  4    XL:     4   Next: 6%
Magic:  1/13       EV: 13    Int: 24    God:
Gold:   62         SH:  0    Dex: 13    Spells: 5 memorised, 2 levels left

rFire  + . .     SeeInvis .     i - +0 dagger
rCold  + . .     Clarity  .     a - +0 robe
rNeg   . . .     SustAt   .     (no shield)
rPois  +         Gourm    .     b - +0 hat
rElec  +         Spirit   .     (no cloak)
rCorr  +         Warding  .     h - +0 pair of gloves
rMut   .         Stasis   .     (no boots)
MR     .....                    (no amulet)
Stlth  ++........               (no ring)
                                (no ring)

@: lethally poisoned (0 -> -19), resistant, very slightly contaminated, not
resistant to hostile enchantments, unstealthy
A: no striking features
a: no special abilities


You were on level 2 of the Dungeon.
You were not hungry.

You visited 1 branch of the dungeon, and saw 2 of its levels.

You collected 62 gold pieces.

Inventory:

Hand Weapons
 i - a +0 dagger (weapon)
Missiles
 e - 27 stones (quivered)
Armour
 a - a +0 robe (worn)
 b - a +0 hat (worn)
 h - a +0 pair of gloves (worn)
Scrolls
 f - a scroll of identify {unknown}
Books
 c - a book of Minor Magic

   Spells                             Type                      Level
   a - Magic Dart                     Conjuration                  1
   b - Blink                          Translocation                2
   c - Call Imp                       Summoning                    2
   d - Repel Missiles                 Charms/Air                   2
   e - Slow                           Hexes                        2
   f - Conjure Flame                  Conjuration/Fire             3
   g - Mephitic Cloud                 Conjuration/Poison/Air       3
Comestibles
 d - a bread ration


   Skills:
 - Level 3.1 Dodging
 - Level 3.4 Stealth
 - Level 5.0 Spellcasting
 * Level 2.8 Conjurations
 - Level 1.1 Summonings
 - Level 1.1 Translocations


You had 2 spell levels left.
You knew the following spells:

 Your Spells              Type           Power        Failure   Level  Hunger
a - Magic Dart            Conj           ###.         2%          1    None
b - Blink                 Tloc           N/A          12%         2    None
c - Call Imp              Summ           ##......     12%         2    None
d - Mephitic Cloud        Conj/Pois/Air  ##......     21%         3    ##.....
e - Conjure Flame         Conj/Fire      ##......     17%         3    ##.....


Dungeon Overview and Level Annotations

Branches:
Dungeon (2/15)

Altars:
Dithmenos


Message History

Aim: an adder (moderately wounded)
The magic dart hits the adder.
The adder is severely wounded.
You feel sick. The adder bites you.
You are more poisoned.
The adder poisons you!
You hit the adder.
The adder is almost dead.
* * * LOW HITPOINT WARNING * * *
You feel sick. The adder bites you.
* * * LOW HITPOINT WARNING * * *
You are more poisoned.
The adder poisons you! The adder bites you.
* * * LOW HITPOINT WARNING * * *
Drink which item? (? for menu, Esc to quit)
It was a potion of resistance.
You feel protected.
* * * LOW HITPOINT WARNING * * *
You feel sick. The adder bites you.
You die...

........# ........##
##.....# .........
#......# .# ...#.. ..
....... .###...## #.#.
..... ..†..#..###...
.... #÷##......##..
#>. #.............##.#
........#.......@#
##..............S#
#.....#.._§......#
#.....# §........# #
#.....# ###...#..#.#
##...######...#....#
#....##........##.##.#
#......<##^...........
###...####......#.(...


You could see an adder.

Vanquished Creatures
  3 gnolls
  2 giant geckos (D:1)
  A giant cockroach (D:1)
  3 goblins
  3 hobgoblins
  3 jackals
  A quokka (D:1)
  A ball python (D:2)
  5 bats
  14 giant newts
  4 kobolds
  5 rats
45 creatures vanquished.

Vanquished Creatures (collateral kills)
  A gnoll (D:1)
1 creature vanquished.

Grand Total: 46 creatures vanquished

Notes
Turn   | Place    | Note
--------------------------------------------------------------
     0 | D:1      | Nekros the Deep Elf Wizard began the quest for the Orb.
     0 | D:1      | Reached XP level 1. HP: 10/10 MP: 7/7
   560 | D:1      | Reached skill level 5 in Spellcasting
   687 | D:1      | Reached XP level 2. HP: 15/15 MP: 6/10
   691 | D:1      | Learned a level 2 spell: Blink
   694 | D:1      | Learned a level 2 spell: Call Imp
  1419 | D:2      | Reached XP level 3. HP: 19/19 MP: 3/11
  1619 | D:1      | Learned a level 3 spell: Mephitic Cloud
  1623 | D:1      | Learned a level 3 spell: Conjure Flame
  2485 | D:2      | Found a shadowy altar of Dithmenos.
  2513 | D:2      | Reached XP level 4. HP: 24/24 MP: 3/13
  2543 | D:2      | HP: 1/24 [poisoned by an adder]
  2543 | D:2      | Slain by an adder

Action                   |  1- 3 |  4- 6 || total
-------------------------+-------+-------++-------
Melee: Whip              |     5 |       ||     5
       Unarmed           |     9 |       ||     9
       Dagger            |     3 |     7 ||    10
Throw: Stone             |     8 |       ||     8
 Cast: Magic Dart        |    82 |     2 ||    84
       Conjure Flame     |     5 |       ||     5
       Call Imp          |     4 |     1 ||     5
       Mephitic Cloud    |     4 |       ||     4
       Blink             |     3 |       ||     3
  Use: Potion            |       |     1 ||     1
  Eat: Bread ration      |     2 |       ||     2
